 Dungeon Sprint DCSS version 0.28.0-43-g3370ac3207 (webtiles) character file.

Game seed: 9718904797620969508

5200000 smarlow the Archmage (level 23, -27/201 HPs)
             Began as a Djinni Warper on Mar 2, 2022.
             Was the Champion of Makhleb.
             Annihilated by The Servant
             ... wielding a +9 glaive of flaming
              (66 damage)
             ... in the Dungeon (Sprint VIII: "Arena of Blood").
             The game lasted 00:02:55 (52 turns).

smarlow the Archmage (Djinni Warper)                  Turns: 52, Time: 00:02:56

Health: -27/201    AC:  6    Str: 12    XL:     23   Next: 28%
Gold:   0          EV: 32    Int: 16    God:    Makhleb [******] SH:  0 Dex: 21

rFire   + + .      SeeInvis +   i - +∞ Axe of Woe
rCold   x . .      Faith    .   (shield currently unavailable)
rNeg    . . .      Spirit   .   b - +0 leather armour
rPois   ∞          Reflect  .   (no helmet)
rElec   .          Harm     .   (no cloak)
rCorr   .          Rampage  .   (no gloves)
Will    ++...      NoTele   +   (boots unavailable)
Stlth   +++++++++.              (no amulet)
HPRegen 0.43/turn               f - ring of see invisible
MPRegen 0.00/turn               (no ring)

@: flying
A: sickness immunity, fire resistance 2, cold vulnerability 1, float, innate
caster, HP casting, extra vitality 1
a: Renounce Religion, Minor Destruction, Lesser Servant of Makhleb, Major
Destruction, Greater Servant of Makhleb


You were in the Dungeon.
You worshipped Makhleb.
Makhleb was exalted by your worship.
You visited 1 branch

Inventory:

Hand Weapons
 a - a +0 hand axe
 i - the +∞ Axe of Woe (weapon)
   (You found it in the Dungeon)
Missiles
 d - 5 boomerangs of dispersal (quivered)
Armour
 b - a +0 leather armour (worn)
Jewellery
 f - a ring of see invisible (left hand)
Scrolls
 c - 2 scrolls of blinking
Potions
 e - a potion of curing
 h - a potion of berserk rage


   Skills:
 O Level 27 Fighting
 + Level 10.1(11.9) Short Blades
 + Level 10.1(11.9) Long Blades
 O Level 27 Axes
 + Level 9.2(20.6) Maces & Flails
 + Level 9.2(20.5) Polearms
 + Level 10.1(13.3) Staves
 + Level 9.2(19.9) Slings
 + Level 9.2 Bows
 + Level 9.2 Crossbows
 O Level 27 Throwing
 O Level 27 Armour
 O Level 27 Dodging
 + Level 23.4 Stealth
 + Level 10.3 Shields
 + Level 10.3 Unarmed Combat
 O Level 27 Spellcasting
 + Level 10.3 Invocations
 + Level 10.3 Evocations


You had 8 spell levels left.
You knew the following spells:

 Your Spells              Type           Power      Damage    Failure   Level
a - Blink                 Tloc           100%       N/A       0%          2
b - Lesser Beckoning      Tloc           82%        N/A       0%          3
c - Gell's Gravitas       Tloc           82%        N/A       0%          3
d - Teleport Other        Tloc           82%        N/A       0%          3
e - Manifold Assault      Tloc           82%        N/A       0%          5
f - Foxfire               Conj/Fire      100%       2x1d9     0%          1
g - Wereblood             Tmut           82%        N/A       0%          2
h - Searing Ray           Conj           100%       2d8       0%          2
i - Stone Arrow           Conj/Erth      100%       3d13      0%          3
j - Iskenderun's Battles  Conj           82%        2d13      0%          5
k - Yara's Violent Unrav  Hex/Tmut       41%        3d16      0%          5
l - Dispersal             Tloc           41%        N/A       0%          6
m - Malign Gateway        Summ/Tloc      41%        N/A       1%          7
n - Death Channel         Necr           41%        N/A       0%          6
o - Monstrous Menagerie   Summ           41%        N/A       1%          7
p - Discord               Hex            41%        N/A       1%          8
Your spell library was empty.

Dungeon Overview and Level Annotations

Branches:
Dungeon (1/1)

Altars:
Makhleb

Annotations:
D The Servant


Innate Abilities, Weirdness & Mutations

You are immune to sickness and miasma.
You are immune to poison.
Your flesh is very heat resistant. (rF++)
You are vulnerable to cold. (rC-)
You float through the air rather than walking.
You learn spells naturally, not from books.
Your magical power is your life essence.
You have superior vitality. (+4 MHP)


Message History

You hear a shout! x2
The bag of meat hits the sculptor of flesh with a +9 war axe!!
You hear a shout! x2
The bag of meat hits the sculptor of flesh with a +9 war axe!! x2
You hear a shout! x2
The destroyer is engulfed in blazing flames.
The destroyer hits something with a +9 vorpal great sword!!!!!!
The destroyer bites something!
You hear a shout! x2
The bag of meat hits the sculptor of flesh with a +9 war axe!!!
You hear a shout!
The bag of meat hits the bag of meat with a +9 war axe!!
The bag of meat dies!
Makhleb accepts your kill.
The bag of meat hits the sculptor of flesh with a +9 war axe!!!
The bag of meat hits the sculptor of flesh with a +9 war axe!
You hear a shout!
The sculptor of flesh hits the bag of meat with a +9 great sword!!!!!
The bag of meat dies!
You hear a shout!
Makhleb accepts your kill.
You feel a bit more experienced. The destroyer casts a spell at you.
The destroyer blinks!
You hear a shout!
The accursed gestures at you while chanting.
Something smites you!
* * * LOW HITPOINT WARNING * * *
You hear a shout!
Your Stealth skill increases to level 23!
Things that are here:
a +9 battleaxe; a +30 ring of slaying; a meat berserker corpse
Okay, then.
A tyrant comes into view.
You hear a shout! x2
Makhleb accepts your kill.
You feel a bit more experienced.
You hear a shout! x2
The Servant hits you with a +9 glaive of flaming!!!
You die...

################
####....M@)........
#.......@).))......
........##z##.#####
.......○.z)......
.####.○§V.##.##§..
#.....°)))....z....
.#.....°))☼.#L#....
#.....°V)z........
..#....)°.)......


You could see an accursed, a tyrant (wandering), The Servant and a sculptor of
flesh.

Vanquished Creatures
  A royal mummy (D)
  A vampire knight (D)
  13 ogres (D)
  4 two-headed ogres (D)
  28 orcs (D)
  A skeletal warrior (D)
48 creatures vanquished.

Vanquished Creatures (collateral kills)
  An orc (D)
  2 skeletal warriors (D)
3 creatures vanquished.

Vanquished Creatures (others)
  A hydra (D)
  3 orcs (D)
4 creatures vanquished.

Grand Total: 55 creatures vanquished

Notes
Turn   | Place    | Note
-------+----------+-------------------------------------------
     0 | D        | Found the +∞ Axe of Woe
     0 | D        | smarlow the Djinni Warper began the quest for the Orb.
     0 | D        | Reached XP level 1. HP: 18/18 MP: 0/0
     0 | D        | Noticed a meat berserker
     2 | D        | Noticed a bag of meat
     3 | D        | Became a worshipper of Makhleb the Destroyer
     5 | D        | Killed a meat berserker
     6 | D        | Reached skill level 10 in Fighting
     6 | D        | Reached XP level 2. HP: 36/36 MP: 0/0
     6 | D        | Reached XP level 3. HP: 41/41 MP: 0/0
     6 | D        | Learned a level 1 spell: Foxfire
     6 | D        | Reached XP level 4. HP: 48/48 MP: 0/0
     6 | D        | Reached XP level 5. HP: 52/52 MP: 0/0
     6 | D        | Learned a level 2 spell: Wereblood
     6 | D        | Reached XP level 6. HP: 58/58 MP: 0/0
     6 | D        | Reached XP level 7. HP: 64/64 MP: 0/0
     6 | D        | Learned a level 2 spell: Searing Ray
     6 | D        | Reached XP level 8. HP: 70/70 MP: 0/0
     6 | D        | Reached XP level 9. HP: 75/75 MP: 0/0
     6 | D        | Learned a level 3 spell: Stone Arrow
     6 | D        | Reached XP level 10. HP: 81/81 MP: 0/0
     6 | D        | Reached XP level 11. HP: 86/86 MP: 0/0
     6 | D        | Learned a level 5 spell: Iskenderun's Battlesphere
     6 | D        | Reached XP level 12. HP: 93/93 MP: 0/0
     6 | D        | Noticed a bag of meat
     6 | D        | Noticed a meat berserker
     6 | D        | Noticed a meat berserker
     7 | D        | Noticed a bag of meat
     7 | D        | Noticed a bag of meat
     7 | D        | Noticed a bag of meat
     7 | D        | Noticed a meat berserker
     7 | D        | Noticed a bag of meat
     7 | D        | Noticed a meat berserker
     7 | D        | Noticed a bag of meat
     8 | D        | Killed a meat berserker
     8 | D        | Reached * piety under Makhleb
     8 | D        | Noticed a bag of meat
     8 | D        | Noticed a meat berserker
     9 | D        | Reached XP level 13. HP: 103/103 MP: 0/0
     9 | D        | Learned a level 5 spell: Yara's Violent Unravelling
    10 | D        | Killed a meat berserker
    10 | D        | Killed a meat berserker
    10 | D        | Killed a bag of meat
    10 | D        | Reached ** piety under Makhleb
    11 | D        | Reached XP level 14. HP: 117/117 MP: 0/0
    11 | D        | Reached XP level 15. HP: 122/122 MP: 0/0
    11 | D        | Learned a level 6 spell: Dispersal
    11 | D        | Killed a meat berserker
    12 | D        | Killed a meat berserker
    12 | D        | Reached *** piety under Makhleb
    12 | D        | Noticed a meat berserker
    13 | D        | Reached XP level 16. HP: 134/134 MP: 0/0
    14 | D        | Noticed a meat berserker
    14 | D        | Noticed a meat berserker
    16 | D        | Noticed a meat berserker
    16 | D        | Noticed a large bag of meat
    17 | D        | Noticed a meat berserker
    19 | D        | Killed a meat berserker
    19 | D        | Reached **** piety under Makhleb
    20 | D        | Reached skill level 5 in Throwing
    20 | D        | Reached XP level 17. HP: 142/146 MP: 0/0
    20 | D        | Learned a level 7 spell: Malign Gateway
    20 | D        | Noticed a large bag of meat
    20 | D        | Killed a meat berserker
    20 | D        | Reached ***** piety under Makhleb
    20 | D        | Noticed a large bag of meat
    21 | D        | Reached skill level 27 in Spellcasting
    21 | D        | Reached XP level 18. HP: 158/158 MP: 0/0
    21 | D        | Noticed a meat berserker
    22 | D        | Killed a meat berserker
    22 | D        | Killed a large bag of meat
    22 | D        | Killed a meat berserker
    22 | D        | Noticed a meat berserker
    23 | D        | Reached skill level 27 in Fighting
    23 | D        | Reached skill level 27 in Axes
    23 | D        | Reached skill level 27 in Dodging
    23 | D        | Reached XP level 19. HP: 163/174 MP: 0/0
    23 | D        | Learned a level 6 spell: Death Channel
    23 | D        | Reached ****** piety under Makhleb
    23 | D        | Killed a meat berserker
    24 | D        | Reached skill level 15 in Throwing
    24 | D        | Reached XP level 20. HP: 179/181 MP: 0/0
    24 | D        | Killed a large bag of meat
    25 | D        | Reached skill level 27 in Armour
    26 | D        | Reached XP level 21. HP: 185/187 MP: 0/0
    26 | D        | Learned a level 7 spell: Monstrous Menagerie
    26 | D        | Noticed a large bag of meat
    29 | D        | Killed a large bag of meat
    29 | D        | Noticed an eight-headed meat hydra
    30 | D        | Reached skill level 27 in Throwing
    30 | D        | Noticed The Servant
    30 | D        | Noticed a destroyer
    32 | D        | Reached skill level 5 in Maces & Flails
    32 | D        | Reached skill level 5 in Polearms
    32 | D        | Reached skill level 5 in Slings
    32 | D        | Reached skill level 5 in Crossbows
    32 | D        | Reached XP level 22. HP: 174/194 MP: 0/0
    32 | D        | Killed a large bag of meat
    38 | D        | Noticed a destroyer
    39 | D        | Noticed a destroyer
    41 | D        | Killed a destroyer
    43 | D        | Killed a meat berserker
    47 | D        | Reached skill level 10 in Short Blades
    47 | D        | Reached skill level 10 in Long Blades
    47 | D        | Reached skill level 10 in Staves
    47 | D        | Reached skill level 10 in Stealth
    47 | D        | Reached skill level 10 in Shields
    47 | D        | Reached skill level 10 in Unarmed Combat
    47 | D        | Reached skill level 10 in Invocations
    47 | D        | Reached skill level 10 in Evocations
    47 | D        | Killed a meat berserker
    48 | D        | Noticed an accursed
    49 | D        | Killed an accursed
    50 | D        | Reached XP level 23. HP: 59/201 MP: 0/0
    50 | D        | Learned a level 8 spell: Discord
    51 | D        | Noticed an accursed
    52 | D        | Noticed a tyrant
    52 | D        | Annihilated by The Servant

Illustrated notes

Levels and vault maps discovered:
D:        meatsprint

Skill      XL: |  1  2  3  4  5  6  7  8  9 10 11 12 13 14 15 16 17 18 19 20 21 22 23 |
---------------+----------------------------------------------------------------------+-----
Fighting       | 10 13 16 18 21 23 27 | 27.0
Axes           | 9 12 16 19 22 25 27 | 27.0
Throwing       | 2 3 4 5 6 9 15 23 27 | 27.0
Armour         | 3 4 6 7 16 23 27 | 27.0
Dodging        | 11 13 17 19 21 23 27 | 27.0
Spellcasting   | 18 20 22 24 26 27 | 27.0
Short Blades   | 6 10 | 10.1
Long Blades    | 6 10 | 10.1
Maces & Flails | 5 9 |  9.2
Polearms       | 5 9 |  9.2
Staves         | 6 10 | 10.1
Slings         | 5 9 |  9.2
Bows           | 6 9 |  9.2
Crossbows      | 5 9 |  9.2
Stealth        | 6 22 23 | 23.4
Shields        | 6 10 | 10.3
Unarmed Combat | 6 10 | 10.3
Invocations    | 6 10 | 10.3
Evocations     | 6 10 | 10.3

Action                   |  1- 3 |  4- 6 |  7- 9 | 10-12 | 13-15 | 16-18 | 19-21 | 22-24 || total
-------------------------+-------+-------+-------+-------+-------+-------+-------+-------++-------
Melee: Executioner's axe |     1 |       |       |     1 |     3 |     3 |     6 |     7 ||    21
 Cast: Dispersal         |       |       |       |       |       |       |     1 |       ||     1
       Discord           |       |       |       |       |       |       |       |     1 ||     1
  Use: Potion            |     1 |       |       |       |       |       |       |     1 ||     2
 Stab: Distracted        |       |       |       |       |       |       |       |     1 ||     1
Dodge: Dodged            |     1 |       |       |       |       |       |     1 |       ||     2
